 Dungeon Crawl Stone Soup version 0.30.1-3-gfc49f6343a (webtiles) character file.

Game seed: 17688970448810521188

157 boopmooplesden the Sneak (level 5, -5/32 HPs)
             Began as a Kobold Brigand on Aug 3, 2023.
             Splashed by a jelly's acid (9 damage)
             ... on level 5 of the Dungeon.
             The game lasted 00:04:33 (3856 turns).

boopmooplesden the Sneak (Kobold Brigand)           Turns: 3856, Time: 00:04:34

Health: -5/32      AC: -16   Str: 11    XL:     5   Next: 66%
Magic:  5/5        EV: 14    Int: 12    God:
Gold:   180        SH:  0    Dex: 16    Spells: 4/4 levels left

rFire   . . .        a - +2 dagger
rCold   . . .        (no shield)
rNeg    . . .        b - +0 robe
rPois   .            s - +1 hat
rElec   .            c - +0 cloak
rCorr   .            (no gloves)
SInv    .            (no boots)
Will    .....        (no amulet)
Stlth   +++++        (no ring)
HPRegen 0.25/turn    (no ring)
MPRegen 0.09/turn

%: no passive effects
@: corroded
A: small, no large weapons, nightstalker 3
a: no special abilities


You were on level 5 of the Dungeon.
You visited 1 branch of the dungeon, and saw 5 of its levels.

You collected 180 gold pieces.

Inventory:

Hand Weapons
 a - a +2 dagger (weapon)
 g - a +0 short sword
Missiles
 d - 16 poisoned darts (quivered)
 e - 3 curare-tipped darts
Armour
 b - a +0 robe (worn)
 c - a +0 cloak (worn)
 h - an orb of energy
 i - a +0 cloak
 s - a +1 hat (worn)
Jewellery
 n - a ring of magical power
Scrolls
 f - a scroll of immolation
 k - 2 scrolls of identify
 m - 3 scrolls of teleportation
 r - 2 scrolls of magic mapping
 v - 2 scrolls of fear
Potions
 j - a potion of flight
 l - a potion of heal wounds
 o - a potion of curing
 p - a potion of mutation {unknown}
 q - a potion of cancellation {unknown}
 t - a potion of lignification {unknown}


   Skills:
 + Level 2.8 Fighting
 + Level 4.0 Short Blades
 + Level 2.3 Throwing
 + Level 1.8 Dodging
 + Level 7.8 Stealth


You had 4 spell levels left.
You didn't know any spells.
Your spell library was empty.

Dungeon Overview and Level Annotations

Branches:
Dungeon (5/15)
 Temple: D:4-7

Altars:
Fedhas
Kikubaaqudgha

Shops:
D:4 [


Innate Abilities, Weirdness & Mutations

You are small and have problems with some larger weapons.
You are completely attuned to the shadows.


Message History

A jelly comes into view.
You hit the adder.
The adder is moderately wounded.
The adder closely misses you.
You hit the adder.
The adder is severely wounded.
The adder bites you but does no damage.
You closely miss the adder.
The adder is severely wounded.
The adder barely misses you.
You hit the adder.
The adder is almost dead.
The adder barely misses you. The jelly closely misses you.
You closely miss the adder.
The adder is almost dead.
The adder closely misses you. The jelly closely misses you.
You miss the adder.
The adder is almost dead.
The adder misses you.
You hit the adder.
You kill the adder!
The jelly barely misses you.
Your Short Blades skill increases to level 4!
You hit the jelly. The acid corrodes you!
Your hands burn!
The jelly is lightly wounded.
The jelly closely misses you.
You hit the jelly but do no damage. The acid corrodes you!
Your hands burn!
The jelly is lightly wounded.
The jelly hits you. The acid corrodes you!
You are splashed with acid.
You hit the jelly but do no damage.
Your hands burn!
The jelly is lightly wounded.
The jelly hits you. The acid corrodes you!
You are splashed with acid!
* * * LOW HITPOINT WARNING * * *
You hit the jelly. The acid corrodes you!
Your hands burn!
* * * LOW HITPOINT WARNING * * *
The jelly is lightly wounded.
The jelly attacks as you move away! The jelly hits you.
* * * LOW HITPOINT WARNING * * *
The acid corrodes you!
You are splashed with acid!
You die...

#....##..##
#.........#
#.........#
#........#
#.<...@J.#
#....##.....
#....##.....
.............
.......?.....


You could see a jelly.

Vanquished Creatures
  6 adders
  A gnoll (D:1)
  2 dart slugs (D:2)
  7 worms
  An orc (D:4)
  5 endoplasms
  4 giant cockroaches
  7 hobgoblins
  2 jackals (D:1)
  A quokka (D:2)
  9 ball pythons
  4 bats
  A frilled lizard (D:2)
  6 goblins
  7 kobolds
  4 rats
67 creatures vanquished.

Notes
Turn   | Place    | Note
-------+----------+-------------------------------------------
     0 | D:1      | boopmooplesden the Kobold Brigand began the quest for the
                  | Orb.
     0 | D:1      | Reached XP level 1. HP: 12/12 MP: 1/1
    38 | D:1      | Reached XP level 2. HP: 17/17 MP: 2/2
   120 | D:1      | Reached skill level 6 in Stealth
   309 | D:1      | Reached XP level 3. HP: 21/21 MP: 3/3
  1036 | D:2      | Reached skill level 7 in Stealth
  1036 | D:2      | Reached XP level 4. HP: 21/27 MP: 4/4
  1797 | D:2      | Reached XP level 5. HP: 31/31 MP: 5/5
  2058 | D:3      | Found an ancient bone altar of Kikubaaqudgha.
  2292 | D:3      | Found a blossoming altar of Fedhas.
  3564 | D:4      | Found Foczuv's Antique Armour Emporium.
  3838 | D:5      | Entered Level 5 of the Dungeon
  3856 | D:5      | Splashed by a jelly's acid

Illustrated notes

Levels and vault maps discovered:
D:1:      elethiomel_arrival_quiet, layout_basic
D:2:      layout_basic, serial_forest, infiniplex_forest_end_2,
          infiniplex_forest_clump_long, infiniplex_forest_pool,
          infiniplex_forest_corner_1, infiniplex_forest_corner_1,
          infiniplex_forest_lined_room_2, infiniplex_forest_lined_4_way,
          infiniplex_forest_corner_2, infiniplex_forest_lined_room_2
D:3:      layout_basic, fedhas_altar_2, kiku_gazebo_pond_becter
D:4:      layout_loops_corners, serial_shops, nicolae_shop_stone
D:5:      layout_gridville

Skill      XL: |  1  2  3  4  5 |
---------------+----------------+-----
Stealth        | 6 7 |  7.8
Short Blades   | 3 4 |  4.0
Fighting       | |  2.8
Throwing       | |  2.3
Dodging        | |  1.8

Action                     |  1- 3 |  4- 6 || total
---------------------------+-------+-------++-------
  Melee: Dagger            |    81 |   134 ||   215
    Use: Scroll            |     3 |     8 ||    11
         Potion            |     1 |       ||     1
   Stab: Sleeping          |    17 |    18 ||    35
 Armour: Robe              |    16 |    20 ||    36
  Dodge: Dodged            |    41 |    57 ||    98
